 Dungeon Crawl Stone Soup version 0.24.0-13-gcf9b3192b9 (webtiles) character file.

Game seed: 3314200690374284081, levelgen mode: deterministic

3322 tilp the Magician (level 10, -2/115 HPs)
             Began as a Gnoll Skald on Nov 9, 2019.
             Was a Follower of Ashenzari.
             Slain by a hippogriff (3 damage)
             ... on level 8 of the Dungeon.
             The game lasted 00:18:26 (9844 turns).

tilp the Magician (Gnoll Skald)                     Turns: 9844, Time: 00:18:26

Health: -2/115     AC:  8    Str: 19    XL:     10   Next: 2%
Magic:  20/20      EV: 21    Int: 18    God:    Ashenzari [*.....]
Gold:   398        SH:  0    Dex: 15    Spells: 12/23 levels left

rFire    . . .     SeeInvis .   a - +1 spear
rCold    . . .     Gourm    .   (no shield)
rNeg     + . .     Faith    .   E - +1 leather armour {rN+}
rPois    .         Spirit   .   (no helmet)
rElec    .         Reflect  .   o - +0 cloak
rCorr    .         Harm     .   j - +1 pair of gloves
MR       .....                  (no boots)
Stlth    ..........             (no amulet)
HPRegen  0.29/turn              F - +5 ring of evasion
MPRegen  0.17/turn              (no ring)

@: berserking (expiring), very quick
A: distributed training, fangs 1, strong nose
a: Curse Item, Scrying, Renounce Religion


You were on level 8 of the Dungeon.
You worshipped Ashenzari.
Ashenzari was aware of your devotion.
You were not hungry.

You visited 1 branch of the dungeon, and saw 8 of its levels.

You collected 398 gold pieces.

Inventory:

Hand Weapons
 a - a +1 spear (weapon)
 b - a +0 shortbow of freezing
Missiles
 d - 196 arrows
 e - 174 stones
 g - 53 sling bullets
 l - 15 poisoned darts (quivered)
 u - 29 boomerangs
 A - 2 datura-tipped darts
 C - 7 javelins
Armour
 j - a +1 pair of gloves (worn)
 o - a +0 cloak (worn)
 w - a +0 chain mail
 E - a +1 leather armour of positive energy (worn)
Jewellery
 F - a +5 ring of evasion (left hand)
Wands
 G - a wand of scattershot (5)
Scrolls
 h - 3 scrolls of enchant weapon
 i - a scroll of immolation {unknown}
 k - 3 scrolls of teleportation
 m - a scroll of random uselessness {unknown}
 n - a scroll of silence {unknown}
 t - a scroll of enchant armour {unknown}
 x - a scroll of fog
 y - a scroll of blinking {unknown}
 z - a scroll of magic mapping {unknown}
 B - a scroll of fear {unknown}
 D - a scroll of amnesia {unknown}
Potions
 f - 2 potions of invisibility
 p - 3 potions of agility
 q - a potion of cancellation
 r - 3 potions of curing
 s - a potion of berserk rage
 v - a potion of ambrosia {unknown}
Comestibles
 c - 11 rations
 H - a chunk of flesh


   Skills:
 + Level 6.6 Fighting
 + Level 4.7 Short Blades
 + Level 4.7 Long Blades
 + Level 4.7 Axes
 + Level 4.7 Maces & Flails
 + Level 6.6 Polearms
 + Level 4.7 Staves
 + Level 4.7 Slings
 + Level 4.7 Bows
 + Level 4.7 Crossbows
 + Level 4.7 Throwing
 + Level 5.4 Armour
 + Level 6.6 Dodging
 + Level 4.7 Stealth
 + Level 4.7 Shields
 + Level 4.7 Unarmed Combat
 + Level 7.0 Spellcasting
 + Level 3.9 Conjurations
 + Level 3.9 Hexes
 + Level 6.8 Charms
 + Level 3.9 Summonings
 + Level 3.9 Necromancy
 + Level 3.9 Translocations
 + Level 3.9 Transmutations
 + Level 3.9 Fire Magic
 + Level 3.9 Ice Magic
 + Level 3.9 Air Magic
 + Level 3.9 Earth Magic
 + Level 3.9 Poison Magic
 + Level 5.2 Invocations
 + Level 4.7 Evocations


You had 12 spell levels left.
You knew the following spells:

 Your Spells              Type           Power        Failure   Level  Hunger
a - Infusion              Chrm           ####         1%          1    None
b - Song of Slaying       Chrm           ####....     1%          2    None
c - Shroud of Golubria    Chrm/Tloc      ####..       1%          2    None
d - Regeneration          Chrm/Necr      ####......   4%          3    ##.....
e - Spectral Weapon       Hex/Chrm       ####....     4%          3    ##.....

Your spell library contained the following spells:

 Spells                   Type           Power        Failure   Level  Hunger


Dungeon Overview and Level Annotations

Branches:
Dungeon (8/15)             Temple (0/1) D:7
   Lair: D:8-11

Altars:
Ashenzari
Fedhas
Makhleb

Shops:
D:7 %


Innate Abilities, Weirdness & Mutations

Your experience applies equally to all skills.
You have very sharp teeth.
Your uncanny sense of smell can sniff out nearby items.


Message History

You kill the ogre!
Your Spellcasting skill increases to level 7!
You have reached level 10!
Attack whom?
Press: ? - help, Dir - move target cursor, f/p - hippogriff
Aim: a hippogriff (moderately wounded)
You puncture the hippogriff!
The hippogriff is heavily wounded.
You barely miss the hippogriff.
You bite the hippogriff, but do no damage.
The hippogriff is heavily wounded.
The hippogriff barely misses you. x2; The hippogriff closely misses you.
You closely miss the hippogriff.
The hippogriff is heavily wounded.
You hit the hippogriff. You bite the hippogriff!
The hippogriff is severely wounded.
The hippogriff bites you.
* * * LOW HITPOINT WARNING * * *
The hippogriff closely misses you. The hippogriff claws you.
You die...

#(#.. #.#
###(#### ## ∆
#...#####
#.........
#..####### #.c# #
#..# ..#
.⌠###..#####....#
...$....cH@.....#
######..#####.###
#..# ∆ ....#
.....# ####...
#.## #.


You could see a hippogriff and a centaur.

Vanquished Creatures
  2 hippogriffs (D:7)
  2 phantoms
  3 ice beasts
  3 orc warriors (D:7)
  5 centaurs
  3 ogres
  4 bullfrogs
  2 howler monkeys (D:4)
  4 crimson imps
  A bullfrog zombie (D:5)
  A jelly (D:5)
  5 hounds
  2 centaur skeletons
  6 orc priests
  An orc wizard (D:7)
  2 iguanas
  8 worker ants
  A hound zombie (D:6)
  A hound skeleton (D:6)
  A worker ant zombie (D:6)
  16 adders
  4 gnolls
  A howler monkey skeleton (D:4)
  An ooze (D:3)
  An adder skeleton (D:4)
  5 worms
  A dart slug (D:3)
  9 leopard geckos
  31 orcs
  5 bats
  2 giant cockroaches
  10 goblins
  10 hobgoblins
  22 jackals
  4 quokkas
  4 frilled lizards
  A giant cockroach zombie (D:5)
  7 kobolds
  3 leopard gecko skeletons
  A quokka skeleton (D:4)
  10 rats
205 creatures vanquished.

Vanquished Creatures (others)
  7 spectral weapons
7 creatures vanquished.

Grand Total: 212 creatures vanquished

Notes
Turn   | Place    | Note
-------+----------+-------------------------------------------
     0 | D:1      | tilp the Gnoll Skald began the quest for the Orb.
     0 | D:1      | Reached XP level 1. HP: 20/20 MP: 6/6
   162 | D:1      | Reached XP level 2. HP: 16/26 MP: 7/7
   520 | D:1      | Reached skill level 5 in Spellcasting
   520 | D:1      | Reached XP level 3. HP: 25/31 MP: 4/9
   650 | D:1      | Learned a level 2 spell: Song of Slaying
   653 | D:1      | Learned a level 2 spell: Shroud of Golubria
   657 | D:1      | Learned a level 3 spell: Regeneration
   661 | D:1      | Learned a level 3 spell: Spectral Weapon
   672 | D:1      | Reached skill level 1 in Invocations
   966 | D:2      | Reached skill level 1 in Short Blades
   966 | D:2      | Reached skill level 1 in Long Blades
   966 | D:2      | Reached skill level 1 in Axes
   966 | D:2      | Reached skill level 1 in Maces & Flails
   966 | D:2      | Reached skill level 1 in Staves
   966 | D:2      | Reached skill level 1 in Slings
   966 | D:2      | Reached skill level 1 in Bows
   966 | D:2      | Reached skill level 1 in Crossbows
   966 | D:2      | Reached skill level 1 in Throwing
   966 | D:2      | Reached skill level 1 in Stealth
   966 | D:2      | Reached skill level 1 in Shields
   966 | D:2      | Reached skill level 1 in Unarmed Combat
   966 | D:2      | Reached skill level 1 in Evocations
  1067 | D:2      | Reached XP level 4. HP: 38/38 MP: 11/11
  2530 | D:3      | Reached skill level 1 in Conjurations
  2530 | D:3      | Reached skill level 1 in Hexes
  2530 | D:3      | Reached skill level 1 in Summonings
  2530 | D:3      | Reached skill level 1 in Necromancy
  2530 | D:3      | Reached skill level 1 in Translocations
  2530 | D:3      | Reached skill level 1 in Transmutations
  2530 | D:3      | Reached skill level 1 in Fire Magic
  2530 | D:3      | Reached skill level 1 in Ice Magic
  2530 | D:3      | Reached skill level 1 in Air Magic
  2530 | D:3      | Reached skill level 1 in Earth Magic
  2530 | D:3      | Reached skill level 1 in Poison Magic
  2992 | D:3      | Reached XP level 5. HP: 43/43 MP: 6/12
  3697 | D:3      | Reached XP level 6. HP: 41/50 MP: 4/13
  4081 | D:4      | Reached skill level 5 in Fighting
  4081 | D:4      | Reached skill level 5 in Polearms
  4081 | D:4      | Reached skill level 5 in Dodging
  4102 | D:4      | Reached XP level 7. HP: 39/56 MP: 2/15
  5347 | D:5      | Entered Level 5 of the Dungeon
  5643 | D:5      | Found a shattered altar of Ashenzari.
  5707 | D:5      | Reached XP level 8. HP: 62/63 MP: 10/16
  5846 | D:5      | Found a blossoming altar of Fedhas.
  6231 | D:5      | Found a burning altar of Makhleb.
  6261 | D:5      | Reached skill level 6 in Spellcasting
  6541 | D:5      | Became a worshipper of Ashenzari the Shackled
  7227 | D:6      | Reached XP level 9. HP: 35/69 MP: 14/18
  7928 | D:7      | Reached * piety under Ashenzari
  8086 | D:7      | Reached skill level 5 in Armour
  8433 | D:7      | Found Waiseteu's Food Shop.
  8637 | D:7      | Found a staircase to the Ecumenical Temple.
  8780 | D:7      | Reached skill level 5 in Invocations
  9838 | D:8      | HP: 3/106 [ogre/cursed +0 giant spiked club (25)]
  9840 | D:8      | Reached skill level 7 in Spellcasting
  9840 | D:8      | Reached XP level 10. HP: 4/77 MP: 20/20
  9844 | D:8      | HP: 1/115 [hippogriff (3)]
  9844 | D:8      | Slain by a hippogriff

Levels and vault maps discovered:
D:1:      lightli_arrival_windingriver, layout_rooms
D:2:      layout_basic, fountainhead
D:3:      layout_basic, first_ration
D:4:      minmay_chambers_of_twos, layout_basic, kennysheep_opposing_triangles
D:5:      layout_basic, fedhas_altar_2, lightli_temple_of_fire,
          ashenzari_conservatory_becter
D:6:      layout_basic
D:7:      layout_layer_cave, minmay_temple_entry_stoned_glass, serial_shops,
          nicolae_shop_temple_entry_statues_fountains
D:8:      layout_loops_ring, zin_academy, erik_lair_dragon, serial_shops,
          shop_fountains, minmay_fountain_box, david_nohive_1

Skill      XL: |  1  2  3  4  5  6  7  8  9 |
---------------+----------------------------+-----
Spellcasting   | 5 6 7 |  7.0
Invocations    | 1 2 3 4 5 |  5.2
Short Blades   | 1 2 3 4 |  4.7
Long Blades    | 1 2 3 4 |  4.7
Axes           | 1 2 3 4 |  4.7
Maces & Flails | 1 2 3 4 |  4.7
Staves         | 1 2 3 4 |  4.7
Slings         | 1 2 3 4 |  4.7
Bows           | 1 2 3 4 |  4.7
Crossbows      | 1 2 3 4 |  4.7
Throwing       | 1 2 3 4 |  4.7
Stealth        | 1 2 3 4 |  4.7
Shields        | 1 2 3 4 |  4.7
Unarmed Combat | 1 2 3 4 |  4.7
Evocations     | 1 2 3 4 |  4.7
Conjurations   | 1 2 3 |  3.9
Hexes          | 1 2 3 |  3.9
Summonings     | 1 2 3 |  3.9
Necromancy     | 1 2 3 |  3.9
Translocations | 1 2 3 |  3.9
Transmutations | 1 2 3 |  3.9
Fire Magic     | 1 2 3 |  3.9
Ice Magic      | 1 2 3 |  3.9
Air Magic      | 1 2 3 |  3.9
Earth Magic    | 1 2 3 |  3.9
Poison Magic   | 1 2 3 |  3.9
Armour         | 3 4 5 |  5.4
Fighting       | 5 6 |  6.6
Polearms       | 5 6 |  6.6
Dodging        | 5 6 |  6.6
Charms         | 6 |  6.8

Action                   |  1- 3 |  4- 6 |  7- 9 | 10-12 || total
-------------------------+-------+-------+-------+-------++-------
Melee: Spear             |   101 |   218 |   545 |     4 ||   868
       Bite              |     9 |    22 |    59 |     2 ||    92
       Dagger            |     6 |       |       |       ||     6
       Punch             |       |     2 |    11 |       ||    13
 Fire: Shortbow          |       |       |    11 |       ||    11
Throw: Stone             |     3 |       |       |       ||     3
       Dart              |     2 |     3 |     3 |       ||     8
 Cast: Infusion          |     3 |     3 |     2 |       ||     8
       Spectral Weapon   |       |    10 |    41 |       ||    51
       Regeneration      |       |     7 |    10 |       ||    17
       Song of Slaying   |       |       |     8 |       ||     8
       Shroud of Golubri |       |       |    10 |       ||    10
  Use: Scroll            |     1 |     7 |     2 |       ||    10
       Potion            |       |       |     3 |       ||     3
 Stab: Distracted        |     1 |     1 |     3 |       ||     5
       Sleeping          |       |     5 |    12 |       ||    17
  Eat: Chunk             |     1 |    10 |    16 |       ||    27
       Ration            |       |       |     2 |       ||     2
Armor: Leather armour    |    14 |    18 |    96 |       ||   128
Dodge: Dodged            |    60 |    81 |   334 |     4 ||   479
